 Dungeon Crawl Stone Soup version 0.29.1-15-g9cfb28693d (webtiles) character file.

Game seed: 8285543423423952970

2405 KyoPewz the Geomancer (level 9, -2/45 HPs)
             Began as a Gargoyle Earth Elementalist on Feb 22, 2023.
             Was a Follower of Vehumet.
             Shot with an arrow by a centaur (6 damage)
             ... on level 7 of the Dungeon.
             The game lasted 00:19:33 (6601 turns).

KyoPewz the Geomancer (Gargoyle Earth Elementalist) Turns: 6601, Time: 00:19:34

Health: -2/45      AC: 12    Str: 13    XL:     9   Next: 47%
Magic:  0/16       EV: 11    Int: 19    God:    Vehumet [*.....]
Gold:   382        SH:  0    Dex: 10    Spells: 9/18 levels left

rFire   . . .      SeeInvis .   a - staff of earth
rCold   . . .      Faith    .   (no shield)
rNeg    + . .      Spirit   +   v - +3 leather armour
rPois   ∞          Reflect  .   (no helmet)
rElec   +          Harm     .   (no cloak)
rCorr   .          Rampage  .   (no gloves)
Will    .....                   (no boots)
Stlth   ++........              m - amulet of guardian spirit
HPRegen 0.15/turn               (no ring)
MPRegen 0.15/turn               (no ring)

@: studying Armour
A: sickness immunity, AC +6, negative energy resistance 1, electricity
resistance, torment resistance 1, petrification resistance
a: Renounce Religion


You were on level 7 of the Dungeon.
You worshipped Vehumet.
Vehumet was aware of your devotion.
You visited 2 branches of the dungeon, and saw 8 of its levels.

You collected 382 gold pieces.

Inventory:

Hand Weapons
 b - a +0 dagger of electrocution
Missiles
 w - 7 javelins
Armour
 q - a +0 robe
 v - a +3 leather armour (worn)
 A - an orb of mayhem
 I - +0 steam dragon scales
Magical Staves
 a - a staff of earth (weapon)
 j - a staff of conjuration
Jewellery
 g - a ring of ice
 m - an amulet of guardian spirit (around neck)
Wands
 k - a wand of polymorph (9)
 D - a wand of paralysis (6)
 E - a wand of acid (5)
Scrolls
 d - 2 scrolls of magic mapping {unknown}
 h - a scroll of enchant weapon {unknown}
 o - a scroll of identify
 u - 3 scrolls of teleportation
 x - 2 scrolls of vulnerability {unknown}
 y - a scroll of butterflies {unknown}
 B - a scroll of fear {unknown}
 F - a scroll of torment {unknown}
 H - a scroll of noise {unknown}
Potions
 c - a potion of brilliance {unknown}
 e - a potion of magic
 f - a potion of might {unknown}
 i - 2 potions of flight {unknown}
 l - 2 potions of mutation {unknown}
 n - 5 potions of curing
 p - a potion of resistance {unknown}
 r - 4 potions of invisibility
 s - a potion of haste {unknown}
 t - 2 potions of heal wounds
 z - a potion of attraction {unknown}
 C - a potion of degeneration {unknown}
 G - a potion of lignification {unknown}


   Skills:
 - Level 1.5 Dodging
 - Level 2.1 Stealth
 + Level 5.0 Spellcasting
 - Level 3.0 Conjurations
 + Level 4.7 Transmutations
 + Level 11.6 Earth Magic


You had 9 spell levels left.
You knew the following spells:

 Your Spells              Type           Power      Damage    Failure   Level
a - Sandblast             Erth           100%       2d20      1%          1
b - Stone Arrow           Conj/Erth      96%        3d13      2%          3
c - Petrify               Tmut/Erth      52%        N/A       5%          4
d - Foxfire               Conj/Fire      40%        2x1d6     9%          1

Your spell library contained the following spells:

 Spells                   Type           Power      Damage    Failure   Level
 Passwall                 Tmut/Erth      43%        N/A       1%          2
 Slow                     Hex            16%        N/A       16%         1
 Summon Small Mammal      Summ           16%        N/A       16%         1
 Ignite Poison            Fire/Tmut/Pois 10%        N/A       24%         3
 Conjure Flame            Conj/Fire      10%        6-21      26%         3
 Call Canine Familiar     Summ           4%         N/A       43%         3
 Confusing Touch          Hex            4%         N/A       43%         3
 Summon Guardian Golem    Hex/Summ       4%         N/A       43%         3
 Vampiric Draining        Necr           4%         2d6       43%         3
 Sticky Flame             Conj/Fire      10%        2d3       63%         4


Dungeon Overview and Level Annotations

Branches:
Dungeon (7/15)             Temple (1/1) D:5

Altars:
Ashenzari
Cheibriados
Dithmenos
Elyvilon
Fedhas
Gozag
Hepliaklqana
Kikubaaqudgha
Okawaru
Qazlal
Ru
Uskayaw
Vehumet
Wu Jian
Xom
Yredelemnul
Zin
The Shining One


Innate Abilities, Weirdness & Mutations

You are immune to sickness and miasma.
Your stone body is resilient. (AC +6)
You are immune to poison.
You resist negative energy. (rN+)
You are resistant to electric shocks. (rElec)
You are resistant to unholy torment.
You are immune to petrification.


Message History

Casting: Petrify (dangerous; 5% risk of failure)
Confirm with . or Enter, or press ? or * to list all spells.
You can't see any susceptible monsters within range! (Use Z to cast anyway.)
Casting: Petrify (dangerous; 5% risk of failure)
Confirm with . or Enter, or press ? or * to list all spells.
You don't have enough magic to cast this spell.
Unknown command.
Unknown command.
Casting: Petrify (dangerous; 5% risk of failure)
Confirm with . or Enter, or press ? or * to list all spells.
You don't have enough magic to cast this spell.
Unknown command.
Unknown command.
The centaur shoots an arrow.
The arrow closely misses you.
The centaur shoots an arrow.
The arrow hits you!
There is an open door here.
The centaur shoots an arrow.
The arrow hits you.
The centaur shoots an arrow.
The arrow hits you.
The centaur shoots an arrow.
The arrow barely misses you.
You close the door.
A centaur breaks down the door.
The centaur shoots an arrow.
The arrow hits you but does no damage.
Casting: Petrify (dangerous; 5% risk of failure)
Confirm with . or Enter, or press ? or * to list all spells.
You conjure some foxfire!
Casting: Foxfire (safe; 9% risk of failure)
Confirm with . or Enter, or press ? or * to list all spells.
Okay, then.
Unknown command.
The foxfire hits the centaur.
The centaur is lightly wounded.
The centaur shoots an arrow.
The arrow hits you but does no damage.
The centaur shoots an arrow.
The arrow hits you!
* * * LOW HITPOINT WARNING * * *
The centaur shoots an arrow.
The arrow hits you.
The centaur shoots an arrow.
The arrow hits you.
* * * LOW HITPOINT WARNING * * *
The centaur shoots an arrow.
The arrow hits you.
* * * LOW HITPOINT WARNING * * *
The centaur shoots an arrow.
The arrow hits you!
You die...

...........# #...## #........
......)....# #...##.#......
...........#. ....#.#....#
##.........#.####.#.#.v....#####.
.'........##......#.###c...#.....
##.....#####..##.......###§'.†...
##.....# #..#+.......# ###.....
##.....# #..##.......# #.....
##.....# #..##@####### #.....
######## #.....# #....c
############.######### #.)..c
............<........+ ......
#############.#.###### #####.
#......# #.#.# ###.####.# #.#.#
#......#.# #.#.# #.##.#.#.###.#.#


You could see a centaur.

Vanquished Creatures
  Pikel (D:7)
  A steam dragon (D:7)
  A water moccasin (D:7)
  A sky beast (D:6)
  An ogre (D:6)
  A centaur (D:5)
  A phantom (D:5)
  A kobold brigand (D:6)
  3 scorpions
  7 wights (D:6)
  A howler monkey (D:4)
  A crimson imp (D:6)
  3 gnoll boudas
  3 jellies
  2 iguanas
  Terence (D:2)
  2 orc wizards (D:6)
  17 gnolls
  10 adders
  A white imp (D:6)
  An ufetubus (D:5)
  A worm (D:2)
  4 dart slugs
  26 orcs
  8 ball pythons
  10 endoplasms
  5 giant cockroaches
  11 goblins
  5 hobgoblins
  6 jackals
  6 kobolds
  3 quokkas
  5 bats
  3 frilled lizards
  4 rats
157 creatures vanquished.

Vanquished Creatures (others)
  2 fungi (D:1)
2 creatures vanquished.

Grand Total: 159 creatures vanquished

Notes
Turn   | Place    | Note
-------+----------+-------------------------------------------
     0 | D:1      | KyoPewz the Gargoyle Earth Elementalist began the quest for
                  | the Orb.
     0 | D:1      | Reached XP level 1. HP: 10/10 MP: 3/3
   121 | D:1      | Reached skill level 1 in Transmutations
   194 | D:1      | Reached XP level 2. HP: 15/15 MP: 3/5
   476 | D:1      | Reached skill level 4 in Earth Magic
   668 | D:1      | Reached XP level 3. HP: 19/19 MP: 4/6
   940 | D:1      | Found a faded altar of an unknown god.
  1058 | D:2      | Noticed Terence
  1104 | D:2      | Killed Terence
  1123 | D:2      | Reached XP level 4. HP: 24/24 MP: 3/8
  1213 | D:2      | Learned a level 3 spell: Stone Arrow
  1218 | D:2      | Learned a level 4 spell: Petrify
  1695 | D:2      | Reached XP level 5. HP: 28/28 MP: 7/9
  1930 | D:3      | Reached skill level 1 in Conjurations
  2262 | D:3      | Found an iron altar of Okawaru.
  2597 | D:3      | Reached skill level 5 in Earth Magic
  3216 | D:4      | Reached XP level 6. HP: 29/32 MP: 5/10
  3727 | D:5      | Entered Level 5 of the Dungeon
  3729 | D:5      | Reached skill level 6 in Earth Magic
  3746 | D:5      | Reached XP level 7. HP: 36/36 MP: 7/11
  3753 | D:5      | Reached skill level 7 in Earth Magic
  3970 | D:5      | Found a stormy altar of Qazlal.
  4033 | D:5      | Reached skill level 8 in Earth Magic
  4159 | D:5      | Found a staircase to the Ecumenical Temple.
  4172 | Temple   | Entered the Ecumenical Temple
  4216 | Temple   | Became a worshipper of Vehumet
  5030 | D:6      | Reached skill level 9 in Earth Magic
  5030 | D:6      | Reached XP level 8. HP: 41/41 MP: 9/12
  5246 | D:6      | Reached skill level 10 in Earth Magic
  5322 | D:6      | Reached * piety under Vehumet
  5322 | D:6      | Offered knowledge of Foxfire by Vehumet.
  5337 | D:6      | Learned a level 1 spell: Foxfire
  6164 | D:7      | Noticed Pikel
  6171 | D:7      | Killed Pikel
  6172 | D:7      | Reached skill level 11 in Earth Magic
  6172 | D:7      | Reached XP level 9. HP: 40/45 MP: 6/15
  6489 | D:7      | Identified the +1 plate armour "Paxogox" {SInv}
  6583 | D:7      | Reached skill level 5 in Spellcasting
  6601 | D:7      | Shot with an arrow by a centaur

Illustrated notes

Levels and vault maps discovered:
D:1:      dpeg_arrival_boxorama, layout_rooms, shapermc_ecumenical_altar_petra,
          serial_forest, infiniplex_forest_zigzag_2,
          infiniplex_forest_clump_diagonal, infiniplex_forest_clump_diagonal,
          infiniplex_forest_lined_3_way, infiniplex_forest_fountain,
          infiniplex_forest_lined_3, infiniplex_forest_end_3
D:2:      layout_loops_ring, st_stairs_8, uniq_terence
D:3:      layout_loops_corners, kennysheep_okawaru_gauntlet,
          kennysheep_generic_room_14
D:4:      layout_basic
D:5:      layout_loops_ring, nicolae_qazlal_general_emergency,
          minmay_temple_entry_sparse_star, serial_bayou_pond_d
D:6:      layout_basic, minmay_fire_ice_demons
D:7:      layout_basic, uniq_pikel
Temple:   regret_index_temple_sphere_string

Skill      XL: |  1  2  3  4  5  6  7  8  9 |
---------------+----------------------------+-----
Transmutations | 1 2 3 4 |  4.7
Earth Magic    | 4 5 6 9 11 | 11.6
Spellcasting   | 3 4 5 |  5.0
Conjurations   | 2 3 |  3.0
Dodging        | |  1.5
Stealth        | |  2.1

Action                   |  1- 3 |  4- 6 |  7- 9 || total
-------------------------+-------+-------+-------++-------
Melee: Mace              |     5 |       |       ||     5
       Dagger            |     6 |       |       ||     6
       Punch             |     1 |       |       ||     1
       Staff             |       |       |    15 ||    15
 Cast: Sandblast         |    33 |    85 |   101 ||   219
       Stone Arrow       |       |       |     4 ||     4
       Petrify           |       |       |     2 ||     2
       Foxfire           |       |       |     1 ||     1
  Use: Scroll            |       |       |     3 ||     3
 Stab: Sleeping          |     1 |       |       ||     1
Armor: Robe              |     5 |     4 |       ||     9
       Leather armour    |       |       |    30 ||    30
Dodge: Dodged            |     5 |     9 |    36 ||    50
